[ AOE2 MATCH · #494737367 ]
UnrankedSlavs vs Portuguese
Player's team · WIN
[ REPLAY ANALYSIS · EXTRACTED FROM THE RECORDED GAME ]
Feudal
9:18
Castle
23:13
Imperial
—
| APM avg | 60.1 |
| APM peak | 92 |
| eAPM avg | 28.8 |
| Villagers / military | 108 / 45 |
Focus
⚔️ 35.6% · 🌾 64.4%
Boyar ×26 · Skirmisher ×8 · Battering Ram ×7 · Militia ×3 · Scout Cavalry ×1
Feudal
9:16
Castle
23:13
Imperial
—
| APM avg | 57.1 |
| APM peak | 116 |
| eAPM avg | 29.9 |
| Villagers / military | 124 / 22 |
Focus
⚔️ 37.8% · 🌾 62.2%
Archer ×8 · Monk ×7 · Spearman ×6 · Skirmisher ×1
Match map
Initial resources + every placement click. Lines = walls · curves = elevation contours. ◆ gold · ⬟ stone · ● berries · ✦ relic · ◌ wall gap
Your base· ✓ Closed at 23:13 · 37t walls · 1 gate(s)
sumppishamaani's base· Open — 3t gap
Smoothed initial terrain · ◌ = detected wall gap · hover for details
Inputs per minute
— Lemon - - sumppishamaani
Build order — Lemon
First 150 of 247 actions detected
| 0:00 | Create | Villager (Male) |
| 0:00 | Create | Villager (Male) |
| 0:01 | Create | Villager (Male) |
| 0:01 | Create | Villager (Male) |
| 0:02 | Build | House |
| 0:03 | Build | House |
| 1:42 | Create | Villager (Male) |
| 1:49 | Create | Villager (Male) |
| 2:05 | Build | Lumber Camp |
| 2:17 | Build | House |
| 2:25 | Create | Villager (Male) |
| 2:56 | Create | Villager (Male) |
| 3:09 | Create | Villager (Male) |
| 3:26 | Create | Villager (Male) |
| 4:11 | Create | Villager (Male) |
| 4:11 | Create | Villager (Male) |
| 4:11 | Create | Villager (Male) |
| 4:37 | Build | Mining Camp |
| 4:56 | Build | House |
| 4:59 | Create | Villager (Male) |
| 5:32 | Create | Villager (Male) |
| 5:47 | Create | Villager (Male) |
| 6:35 | Research | Loom |
| 6:53 | Build | Barracks |
| 7:02 | Research | Feudal Age |
| 7:02 | Research | Feudal Age |
| 7:23 | Build | House |
| 7:46 | Create | Militia |
| 7:47 | Create | Militia |
| 8:32 | Create | Militia |
| 9:02 | Create | Villager (Male) |
| 9:18 | Age | Feudal Age |
| 9:20 | Research | Man-at-Arms (upgrade) |
| 9:25 | Build | Archery Range |
| 9:59 | Create | Villager (Male) |
| 10:01 | Create | Villager (Male) |
| 10:04 | Build | Mill |
| 10:24 | Build | House |
| 10:35 | Build | Watch Tower |
| 10:38 | Create | Villager (Male) |
| 10:46 | Build | Mining Camp |
| 11:01 | Create | Villager (Male) |
| 11:32 | Create | Villager (Male) |
| 11:47 | Create | Villager (Male) |
| 12:18 | Create | Villager (Male) |
| 12:20 | Build | Farm |
| 12:20 | Build | Farm |
| 12:21 | Build | Farm |
| 12:21 | Build | Farm |
| 12:21 | Build | Farm |
| 12:30 | Create | Villager (Male) |
| 12:46 | Build | Mining Camp |
| 13:02 | Create | Villager (Male) |
| 13:09 | Create | Skirmisher |
| 13:11 | Build | House |
| 13:26 | Create | Villager (Male) |
| 13:42 | Create | Skirmisher |
| 13:42 | Create | Skirmisher |
| 13:46 | Build | Watch Tower |
| 14:03 | Create | Villager (Male) |
| 14:03 | Create | Villager (Male) |
| 14:07 | Build | Farm |
| 14:07 | Build | Farm |
| 14:17 | Create | Villager (Male) |
| 14:18 | Create | Skirmisher |
| 14:23 | Create | Villager (Male) |
| 14:44 | Create | Villager (Male) |
| 14:46 | Build | Farm |
| 14:47 | Build | Farm |
| 14:51 | Build | House |
| 14:52 | Build | Palisade Wall |
| 14:53 | Create | Villager (Male) |
| 15:04 | Build | Blacksmith |
| 15:09 | Research | Double-Bit Axe |
| 15:12 | Build | House |
| 15:13 | Create | Villager (Male) |
| 15:25 | Create | Villager (Male) |
| 15:37 | Build | Palisade Gate |
| 15:38 | Create | Villager (Male) |
| 15:44 | Create | Villager (Male) |
| 15:51 | Create | Villager (Male) |
| 15:51 | Create | Villager (Male) |
| 15:57 | Build | Farm |
| 16:14 | Build | Watch Tower |
| 16:15 | Create | Villager (Male) |
| 16:18 | Build | Farm |
| 16:18 | Build | Farm |
| 16:18 | Build | Farm |
| 16:22 | Create | Villager (Male) |
| 16:27 | Create | Villager (Male) |
| 16:27 | Create | Villager (Male) |
| 16:30 | Build | House |
| 16:34 | Create | Villager (Male) |
| 16:45 | Build | House |
| 16:46 | Build | Mill |
| 16:50 | Build | Palisade Wall |
| 16:51 | Create | Villager (Male) |
| 17:07 | Research | Fletching |
| 17:13 | Build | Farm |
| 17:13 | Create | Villager (Male) |
| 17:30 | Create | Villager (Male) |
| 17:36 | Build | Farm |
| 17:36 | Build | Farm |
| 17:38 | Build | Farm |
| 17:38 | Create | Villager (Male) |
| 17:48 | Build | House |
| 18:04 | Create | Skirmisher |
| 18:04 | Create | Skirmisher |
| 18:17 | Research | Padded Archer Armor |
| 18:17 | Research | Padded Archer Armor |
| 18:30 | Create | Skirmisher |
| 18:31 | Create | Villager (Male) |
| 18:34 | Create | Villager (Male) |
| 18:39 | Create | Skirmisher |
| 18:45 | Create | Villager (Male) |
| 18:54 | Create | Villager (Male) |
| 18:56 | Create | Villager (Male) |
| 19:10 | Create | Villager (Male) |
| 19:14 | Build | House |
| 19:15 | Create | Villager (Male) |
| 19:15 | Create | Villager (Male) |
| 19:24 | Create | Villager (Male) |
| 19:33 | Build | House |
| 19:49 | Build | Watch Tower |
| 20:03 | Build | House |
| 20:05 | Build | House |
| 20:06 | Create | Villager (Male) |
| 20:11 | Build | House |
| 20:12 | Create | Villager (Male) |
| 20:14 | Build | House |
| 20:17 | Build | Palisade Wall |
| 20:33 | Research | Castle Age |
| 20:53 | Create | Villager (Male) |
| 21:09 | Build | House |
| 21:10 | Build | Palisade Wall |
| 21:14 | Research | Scale Barding Armor |
| 21:14 | Research | Scale Barding Armor |
| 21:23 | Research | Horse Collar |
| 22:02 | Research | Gold Mining |
| 22:22 | Build | Stable |
| 22:57 | Research | Bloodlines |
| 22:57 | Create | Villager (Male) |
| 23:12 | Research | Wheelbarrow |
| 23:13 | Age | Castle Age |
| 23:22 | Build | Castle |
| 23:26 | Research | Bodkin Arrow |
| 23:30 | Create | Villager (Male) |
| 23:31 | Build | Farm |
| 23:48 | Create | Villager (Male) |
| 23:56 | Create | Villager (Male) |
Build order — sumppishamaani
First 150 of 293 actions detected
| 0:00 | Create | Villager (Male) |
| 0:01 | Create | Villager (Male) |
| 0:01 | Create | Villager (Male) |
| 0:02 | Build | House |
| 0:03 | Build | House |
| 0:23 | Create | Villager (Male) |
| 0:23 | Create | Villager (Male) |
| 1:23 | Create | Villager (Male) |
| 1:24 | Create | Villager (Male) |
| 1:49 | Create | Villager (Male) |
| 1:49 | Create | Villager (Male) |
| 2:29 | Build | Mill |
| 2:33 | Create | Villager (Male) |
| 2:44 | Create | Villager (Male) |
| 2:45 | Create | Villager (Male) |
| 3:26 | Create | Villager (Male) |
| 3:26 | Create | Villager (Male) |
| 3:41 | Create | Villager (Male) |
| 3:57 | Build | House |
| 3:58 | Build | House |
| 4:04 | Create | Villager (Male) |
| 4:05 | Create | Villager (Male) |
| 4:34 | Create | Villager (Male) |
| 4:36 | Build | Palisade Wall |
| 4:37 | Build | Palisade Wall |
| 4:37 | Build | Palisade Wall |
| 4:38 | Build | Palisade Wall |
| 4:38 | Build | Palisade Wall |
| 4:38 | Build | Palisade Wall |
| 4:38 | Build | Palisade Wall |
| 4:39 | Build | Palisade Wall |
| 4:39 | Build | Palisade Wall |
| 4:39 | Build | Palisade Wall |
| 4:40 | Build | Palisade Wall |
| 4:43 | Create | Villager (Male) |
| 5:05 | Create | Villager (Male) |
| 5:07 | Create | Villager (Male) |
| 5:25 | Create | Villager (Male) |
| 5:43 | Build | Palisade Wall |
| 5:43 | Build | Palisade Wall |
| 5:44 | Build | Palisade Wall |
| 5:45 | Build | Palisade Wall |
| 5:45 | Build | Palisade Wall |
| 6:03 | Build | Lumber Camp |
| 6:14 | Research | Loom |
| 6:24 | Build | Palisade Wall |
| 6:26 | Build | Palisade Wall |
| 6:48 | Build | Palisade Wall |
| 6:48 | Build | Palisade Wall |
| 6:48 | Build | Palisade Wall |
| 6:50 | Build | Palisade Wall |
| 6:52 | Build | Palisade Wall |
| 7:01 | Research | Feudal Age |
| 7:28 | Create | Villager (Male) |
| 7:32 | Build | Lumber Camp |
| 8:18 | Build | House |
| 8:19 | Build | Palisade Wall |
| 8:45 | Build | Barracks |
| 9:16 | Age | Feudal Age |
| 9:22 | Create | Villager (Male) |
| 9:45 | Build | Archery Range |
| 9:54 | Build | House |
| 9:55 | Build | Palisade Wall |
| 9:58 | Build | Palisade Wall |
| 10:00 | Build | Palisade Wall |
| 10:04 | Create | Villager (Male) |
| 10:12 | Build | Mining Camp |
| 10:15 | Create | Villager (Male) |
| 10:29 | Build | Palisade Wall |
| 10:30 | Build | Palisade Wall |
| 10:34 | Build | Palisade Wall |
| 10:35 | Build | Palisade Wall |
| 10:38 | Build | Palisade Wall |
| 10:39 | Build | Palisade Wall |
| 10:43 | Create | Archer |
| 10:45 | Build | Palisade Wall |
| 10:48 | Build | Palisade Wall |
| 10:51 | Build | Palisade Wall |
| 10:55 | Build | Watch Tower |
| 11:01 | Create | Villager (Male) |
| 11:04 | Create | Skirmisher |
| 11:12 | Build | Palisade Wall |
| 11:13 | Build | Palisade Wall |
| 11:40 | Create | Villager (Male) |
| 11:40 | Create | Villager (Male) |
| 11:40 | Create | Villager (Male) |
| 12:03 | Create | Villager (Male) |
| 12:05 | Build | Palisade Wall |
| 12:06 | Build | Palisade Wall |
| 12:08 | Build | Palisade Wall |
| 12:13 | Build | Palisade Wall |
| 12:14 | Build | Palisade Wall |
| 12:15 | Build | Palisade Wall |
| 12:21 | Build | Palisade Wall |
| 12:24 | Create | Villager (Male) |
| 12:27 | Create | Villager (Male) |
| 12:39 | Create | Villager (Male) |
| 12:39 | Create | Villager (Male) |
| 13:04 | Build | Farm |
| 13:05 | Build | Farm |
| 13:05 | Build | Farm |
| 13:05 | Build | Farm |
| 13:05 | Build | Farm |
| 13:37 | Create | Archer |
| 13:41 | Build | Farm |
| 13:44 | Create | Archer |
| 14:17 | Build | House |
| 14:21 | Create | Villager (Male) |
| 14:28 | Create | Villager (Male) |
| 14:28 | Create | Villager (Male) |
| 14:31 | Build | Market |
| 14:47 | Create | Villager (Male) |
| 14:49 | Build | Farm |
| 15:02 | Create | Archer |
| 15:05 | Build | House |
| 15:10 | Build | Farm |
| 15:13 | Create | Villager (Male) |
| 15:34 | Build | Mining Camp |
| 15:35 | Create | Villager (Male) |
| 15:49 | Create | Villager (Male) |
| 15:52 | Create | Villager (Male) |
| 15:55 | Build | Farm |
| 15:57 | Build | Outpost |
| 16:07 | Build | Palisade Wall |
| 16:12 | Create | Villager (Male) |
| 16:15 | Build | Farm |
| 16:18 | Create | Archer |
| 16:32 | Create | Villager (Male) |
| 16:46 | Research | Town Watch |
| 16:55 | Build | Farm |
| 16:56 | Build | Farm |
| 17:16 | Create | Villager (Male) |
| 17:33 | Build | Farm |
| 17:47 | Build | Blacksmith |
| 18:01 | Create | Villager (Male) |
| 18:30 | Create | Villager (Male) |
| 18:51 | Research | Fletching |
| 19:13 | Create | Villager (Male) |
| 19:27 | Build | House |
| 19:28 | Build | House |
| 19:29 | Create | Villager (Male) |
| 19:33 | Build | House |
| 19:56 | Build | Watch Tower |
| 20:33 | Research | Castle Age |
| 20:45 | Create | Archer |
| 21:08 | Research | Horse Collar |
| 21:08 | Research | Horse Collar |
| 21:16 | Research | Double-Bit Axe |
| 21:16 | Research | Double-Bit Axe |
| 21:55 | Build | Outpost |
Match timeline
| 4:36 | sumppishamaani · wall_segment Palisade Wall x1 |
| 4:37 | sumppishamaani · wall_segment Palisade Wall x2 |
| 4:37 | sumppishamaani · wall_segment Palisade Wall x2 |
| 4:38 | sumppishamaani · wall_segment Palisade Wall x1 |
| 4:38 | sumppishamaani · wall_segment Palisade Wall x2 |
| 4:38 | sumppishamaani · wall_segment Palisade Wall x2 |
| 4:38 | sumppishamaani · wall_segment Palisade Wall x1 |
| 4:39 | sumppishamaani · wall_segment Palisade Wall x1 |
| 4:39 | sumppishamaani · wall_segment Palisade Wall x2 |
| 4:39 | sumppishamaani · wall_segment Palisade Wall x1 |
| 4:40 | sumppishamaani · wall_segment Palisade Wall x1 |
| 5:43 | sumppishamaani · wall_segment Palisade Wall x1 |
| 5:43 | sumppishamaani · wall_segment Palisade Wall x1 |
| 5:44 | sumppishamaani · wall_segment Palisade Wall x1 |
| 5:45 | sumppishamaani · wall_segment Palisade Wall x1 |
| 5:45 | sumppishamaani · wall_segment Palisade Wall x1 |
| 6:24 | sumppishamaani · wall_segment Palisade Wall x1 |
| 6:26 | sumppishamaani · wall_segment Palisade Wall x1 |
| 6:48 | sumppishamaani · wall_segment Palisade Wall x1 |
| 6:48 | sumppishamaani · wall_segment Palisade Wall x1 |
| 6:48 | sumppishamaani · wall_segment Palisade Wall x1 |
| 6:50 | sumppishamaani · wall_segment Palisade Wall x1 |
| 6:52 | sumppishamaani · wall_segment Palisade Wall x6 |
| 6:53 | Lemon · first_building Barracks |
| 8:19 | sumppishamaani · wall_segment Palisade Wall x1 |
| 8:45 | sumppishamaani · first_building Barracks |
| 9:16 | sumppishamaani · age_up feudal |
| 9:18 | Lemon · age_up feudal |
| 9:25 | Lemon · first_building Archery Range |
| 9:45 | sumppishamaani · first_building Archery Range |
| 9:55 | sumppishamaani · wall_segment Palisade Wall x2 |
| 9:58 | sumppishamaani · wall_segment Palisade Wall x1 |
| 10:00 | sumppishamaani · wall_segment Palisade Wall x2 |
| 10:29 | sumppishamaani · wall_segment Palisade Wall x1 |
| 10:30 | sumppishamaani · wall_segment Palisade Wall x1 |
| 10:34 | sumppishamaani · wall_segment Palisade Wall x1 |
| 10:35 | sumppishamaani · wall_segment Palisade Wall x1 |
| 10:38 | sumppishamaani · wall_segment Palisade Wall x1 |
| 10:39 | sumppishamaani · wall_segment Palisade Wall x1 |
| 10:45 | sumppishamaani · wall_segment Palisade Wall x1 |
| 10:48 | sumppishamaani · wall_segment Palisade Wall x1 |
| 10:51 | sumppishamaani · wall_segment Palisade Wall x1 |
| 11:12 | sumppishamaani · wall_segment Palisade Wall x1 |
| 11:13 | sumppishamaani · wall_segment Palisade Wall x1 |
| 12:05 | sumppishamaani · wall_segment Palisade Wall x1 |
| 12:06 | sumppishamaani · wall_segment Palisade Wall x1 |
| 12:08 | sumppishamaani · wall_segment Palisade Wall x1 |
| 12:13 | sumppishamaani · wall_segment Palisade Wall x1 |
| 12:14 | sumppishamaani · wall_segment Palisade Wall x1 |
| 12:15 | sumppishamaani · wall_segment Palisade Wall x1 |
| 12:21 | sumppishamaani · wall_segment Palisade Wall x1 |
| 14:52 | Lemon · wall_segment Palisade Wall x8 |
| 16:07 | sumppishamaani · wall_segment Palisade Wall x1 |
| 16:50 | Lemon · wall_segment Palisade Wall x10 |
| 17:00 | sumppishamaani · first_market_buy 100 food |
| 19:38 | sumppishamaani · first_market_sell 500 wood |
| 20:17 | Lemon · wall_segment Palisade Wall x13 |
| 21:10 | Lemon · wall_segment Palisade Wall x6 |
| 22:22 | Lemon · first_building Stable |
| 23:13 | Lemon · age_up castle |
| 23:13 | sumppishamaani · age_up castle |
| 23:15 | sumppishamaani · first_building Siege Workshop |
| 23:22 | Lemon · first_building Castle |
| 24:05 | sumppishamaani · first_building Monastery |
| 27:22 | sumppishamaani · first_building Castle |
| 27:51 | Lemon · first_building Siege Workshop |
| 33:29 | Lemon · first_market_sell 100 wood |
| 34:01 | sumppishamaani · resign |
[ AI ANALYSIS · 1 CREDIT ]
What really happened in this match?
Wolo.gg analyzes every decision: build order, eco, micro, common mistakes by bracket. Personalized analysis on WhatsApp or Discord in 30 seconds.
Civ guide
Slavs
Perfil
Lemon